 Dungeon Crawl Stone Soup version 0.31.0 (webtiles) character file.

Game seed: 6831884167988700498

424 qw the Shooter (level 6, 0/40 HPs)
             Began as a Gargoyle Hunter on Jan 19, 2024.
             Slain by an ogre
             ... wielding a +0 giant club
              (26 damage)
             ... on level 4 of the Dungeon.
             The game lasted 00:00:12 (2998 turns).

qw the Shooter (Gargoyle Hunter)                    Turns: 2998, Time: 00:00:13

Health: 0/40       AC: 13    Str: 15    XL:     6   Next: 96%
Magic:  15/15      EV: 11    Int:  9    God:
Gold:   221        SH:  0    Dex: 18    Spells: 5/5 levels left

rFire   . . .        a - +0 shortbow
rCold   . . .        (shield currently unavailable)
rNeg    + + .        l - +0 ring mail
rPois   inf          (no helmet)
rElec   +            (no cloak)
rCorr   .            (no gloves)
SInv    .            (no boots)
Will    .....        (no amulet)
Stlth   +            h - +4 ring of protection
HPRegen 0.26/turn    c - ring of Kikubaaqudgha's Grace {rPois rN+ MP+9 Dex+3}
MPRegen 0.14/turn

%: no passive effects
@: no status effects
A: sickness immunity, AC +4, negative energy resistance 1, electricity
resistance, torment resistance 1, petrification resistance
a: no special abilities


You were on level 4 of the Dungeon.
You visited 1 branch of the dungeon, and saw 4 of its levels.

You collected 221 gold pieces.


Innate Abilities, Weirdness & Mutations

You are immune to sickness and miasma.
Your stone body is resilient. (AC +4)
You are immune to poison.
You resist negative energy. (rN+)
You are resistant to electric shocks. (rElec)
You are resistant to unholy torment.
You are immune to petrification.


   Skills:
 - Level 4.9 Fighting
 + Level 6.8 Ranged Weapons
 - Level 1.0 Armour
 - Level 1.5 Dodging
 - Level 1.1 Stealth


You had 5 spell levels left.
You didn't know any spells.
Your spell library was empty.

Inventory:

Hand Weapons
 a - a +0 shortbow (weapon)
Armour
 l - a +0 ring mail (worn)
Jewellery
 c - the ring of Kikubaaqudgha's Grace (right hand) {rPois rN+ MP+9 Dex+3}
   (You acquired it on level 1 of the Dungeon)

   [ring of magical power]

   Dex+3:     It affects your dexterity (+3).
   rPois:     It protects you from poison rN+: It protects you from negative
   energy.
   MP+9:      It affects your magic capacity (+9).
 h - a +4 ring of protection (left hand)
Potions
 b - a potion of mutation {unknown}
 f - 2 potions of haste
 i - 2 potions of enlightenment
 j - 2 potions of curing

Dungeon Overview and Level Annotations

Branches:
Dungeon (4/15)
 Temple: D:4-7

Altars:
Gozag
The Shining One


Message History

You shoot an arrow. The arrow hits the ball python.
You kill the ball python!
b - a grey potion
Found a stone staircase leading down.
An ogre comes into view. It is wielding a +0 giant club.
You shoot an arrow. The ogre shouts!
The arrow hits the ogre.
The ogre is lightly wounded.
An ogre is nearby!
You shoot an arrow. The arrow hits the ogre.
The ogre is moderately wounded.
You shoot an arrow. The arrow closely misses the ogre.
You shoot an arrow. The arrow hits the ogre.
The ogre is moderately wounded.
You shoot an arrow.
The arrow hits the ogre but does no damage.
The ogre is moderately wounded.
You shoot an arrow. The arrow hits the ogre.
The ogre is heavily wounded.
The ogre closely misses you.
You shoot an arrow. The arrow hits the ogre.
The ogre is heavily wounded.
The ogre barely misses you.
You shoot an arrow. The arrow hits the ogre.
The ogre is heavily wounded.
The ogre completely misses you.
You shoot an arrow. The arrow barely misses the ogre.
The ogre hits you with a +0 giant club!
You shoot an arrow. The arrow barely misses the ogre.
You shoot an arrow. The arrow hits the ogre.
The ogre is severely wounded.
The ogre closely misses you.
You shoot an arrow. The arrow barely misses the ogre.
The ogre hits you with a +0 giant club.
You shoot an arrow. The arrow hits the ogre!
The ogre is almost dead.
The ogre hits you with a +0 giant club!!
Ouch! That really hurt!
You die...

.......
..>..###
......#
###%....#
...)...#
#.....# .#
#$.O..# .#
#@# .#
..#####.###
.#
#..........#
.#
...#####.#.#
.# #.# #.#.#
.# #.# #.#.#
.## #.#
#.#.# ..##
#.# #.#.#
.#.#### #.#
#.#.#


You could see an ogre.

Vanquished Creatures
  An ogre (D:3)
  Blork the orc (D:4)
  A scorpion (D:4)
  A bombardier beetle (D:3)
  Natasha (thrice) (D:2)
  5 adders
  A ribbon worm (D:2)
  4 orcs
  4 ball pythons
  3 endoplasms
  6 giant cockroaches
  7 goblins
  6 hobgoblins
  2 jackals (D:1)
  7 kobolds
  3 quokkas
  5 bats
  A frilled lizard (D:3)
  3 rats (D:1)
64 creatures vanquished.

Notes
Turn   | Place    | Note
-------+----------+-------------------------------------------
     0 | D:1      | qw the Gargoyle Hunter began the quest for the Orb.
     0 | D:1      | Reached XP level 1. HP: 12/12 MP: 1/1
     0 | D:1      | 0 ||| qw: Version: 0.3-a-132-g3d54051
     0 | D:1      | 0 ||| qw: Game counter: 30
     0 | D:1      | 0 ||| qw: Melee chars always use a shield: true
     0 | D:1      | 0 ||| qw: God list: Okawaru
     0 | D:1      | 0 ||| qw: Allow faded altars: false
     0 | D:1      | 0 ||| qw: Do Orc after clearing Dungeon:15 true
     0 | D:1      | 0 ||| qw: Do second Lair branch before Depths: true
     0 | D:1      | 0 ||| qw: Lair rune preference: random
     0 | D:1      | 0 ||| qw: Goals: Normal
     0 | D:1      | 0 ||| PLANNING D:1-11
    69 | D:1      | Reached XP level 2. HP: 16/17 MP: 2/2
   561 | D:1      | 561 ||| UPGRADING to +0 ring mail.
   571 | D:1      | 571 ||| DROPPING +0 leather armour.
   572 | D:1      | 572 ||| UPGRADING to ring of protection from cold.
   573 | D:1      | 573 ||| READING 5 scrolls labelled HOITUD MO UCK.
   573 | D:1      | 573 ||| IDENTIFYING inky potion
   574 | D:1      | 574 ||| READING 4 scrolls of identify.
   574 | D:1      | 574 ||| IDENTIFYING black potion
   575 | D:1      | 575 ||| READING 3 scrolls of identify.
   575 | D:1      | 575 ||| IDENTIFYING coppery potion
   576 | D:1      | 576 ||| READING 2 scrolls of identify.
   576 | D:1      | 576 ||| IDENTIFYING clear potion
   577 | D:1      | 577 ||| READING scroll of identify.
   577 | D:1      | 577 ||| IDENTIFYING scroll labelled RARIGOGESY
   577 | D:1      | Identified a scroll of acquirement
   578 | D:1      | 578 ||| READING scroll of acquirement.
   578 | D:1      | 578 ||| ACQUIRING ring of Kikubaaqudgha's Grace {rPois rN+
                  | MP+9 Dex+3}
   578 | D:1      | Acquired the ring of Kikubaaqudgha's Grace {rPois rN+ MP+9
                  | Dex+3}
   580 | D:1      | 580 ||| UPGRADING to ring of Kikubaaqudgha's Grace {rPois
                  | rN+ MP+9 Dex+3}.
   656 | D:1      | 656 ||| READING scroll labelled ULETUTH TIJI.
   757 | D:1      | 757 ||| DROPPING scroll of butterflies.
   758 | D:1      | 758 ||| DROPPING potion of degeneration.
   759 | D:1      | 759 ||| DROPPING potion of lignification.
   760 | D:1      | 760 ||| DROPPING potion of ambrosia.
   798 | D:2      | Reached XP level 3. HP: 21/21 MP: 3/3
  1036 | D:2      | Reached skill level 1 in Armour
  1045 | D:2      | Reached skill level 5 in Ranged Weapons
  1050 | D:2      | Noticed Natasha
  1053 | D:2      | Killed Natasha
  1054 | D:2      | Reached skill level 3 in Fighting
  1054 | D:2      | Reached XP level 4. HP: 28/28 MP: 4/4
  1076 | D:2      | Found an opulent altar of Gozag.
  1220 | D:2      | 1220 ||| FLEEEEING.
  1307 | D:2      | Noticed Natasha
  1313 | D:2      | Killed Natasha
  1314 | D:2      | Reached XP level 5. HP: 28/32 MP: 5/5
  1325 | D:2      | 1325 ||| FLEEEEING.
  1468 | D:2      | Noticed Natasha
  1475 | D:2      | Killed Natasha
  1476 | D:2      | Reached skill level 6 in Ranged Weapons
  1702 | D:2      | 1702 ||| UPGRADING to +4 ring of protection.
  1704 | D:2      | 1704 ||| DROPPING ring of protection from cold.
  1705 | D:2      | 1705 ||| READING scroll labelled CUWKEHODEJI.
  1706 | D:2      | 1706 ||| READING scroll labelled XIRENEL CUOSIDA.
  1707 | D:2      | 1707 ||| READING scroll labelled ABBAHI NOAFIG.
  1708 | D:2      | 1708 ||| FLEEEEING.
  1711 | D:2      | 1711 ||| DRINKING 2 fizzy cyan potions.
  1712 | D:2      | 1712 ||| DRINKING 2 smoky silvery potions.
  1713 | D:2      | 1713 ||| DROPPING potion of attraction.
  1714 | D:2      | 1714 ||| DROPPING potion of brilliance.
  1794 | D:3      | Found a faded altar of an unknown god.
  2295 | D:3      | 2295 ||| FLEEEEING.
  2451 | D:3      | 2451 ||| DROPPING ring of magical power.
  2452 | D:3      | 2452 ||| READING scroll of identify.
  2452 | D:3      | 2452 ||| IDENTIFYING 2 murky brown potions
  2453 | D:3      | 2453 ||| READING scroll labelled JIJIGU DITU.
  2453 | D:3      | 2453 ||| ENCHANTING +0 shortbow.
  2454 | D:3      | 2454 ||| READING scroll labelled QUEKOKL ILUCSEJAST.
  2455 | D:3      | 2455 ||| DRINKING 2 bubbling amethyst potions.
  2461 | D:4      | Noticed an ogre
  2464 | D:4      | 2464 ||| STAIRDANCE
  2468 | D:3      | HP: 5/33 [ogre/+0 giant club (7)]
  2470 | D:3      | Killed an ogre
  2471 | D:3      | Reached XP level 6. HP: 7/40 MP: 6/6
  2471 | D:3      | 2471 ||| FLEEEEING.
  2615 | D:4      | 2615 ||| STAIRDANCE
  2649 | D:4      | Found a glowing golden altar of the Shining One.
  2817 | D:4      | Noticed Blork the orc
  2824 | D:4      | Killed Blork the orc
  2825 | D:4      | 2825 ||| FLEEEEING.
  2828 | D:4      | 2828 ||| STAIRDANCE
  2848 | D:3      | 2848 ||| READING scroll labelled AHIAXO VENAXZASCH.
  2868 | D:4      | 2868 ||| STAIRDANCE
  2870 | D:3      | 2870 ||| FLEEEEING.
  2998 | D:4      | Slain by an ogre

Levels and vault maps discovered:
D:1:      eino_arrival_tree_alley, layout_rooms, minmay_tiny_reverse_x
D:2:      layout_loops_corners, basic_altar, guppyfry_early_orc_mine,
          uniq_natasha
D:3:      layout_loops_ring, shapermc_ecumenical_altar_mp_highgroup,
          lightli_corner_chamber
D:4:      layout_loops_ring, lemuel_tele_altar, chequers_hall_statues_wall_a,
          uniq_blork_the_orc

Skill      XL: |  1  2  3  4  5 |
---------------+----------------+-----
Armour         | 1 |  1.0
Ranged Weapons | 5 6 |  6.8
Fighting       | 3 4 |  4.9
Dodging        | |  1.5
Stealth        | |  1.1

Action                     |  1- 3 |  4- 6 || total
---------------------------+-------+-------++-------
   Fire: Shortbow          |    84 |   151 ||   235
    Use: Scroll            |     7 |     7 ||    14
         Potion            |       |     3 ||     3
 Armour: Leather armour    |    17 |       ||    17
         Ring mail         |     4 |    76 ||    80
  Dodge: Dodged            |    31 |    55 ||    86

Table legend:
 A = Non-vault XP
 B = Vault XP
 C = Vault XP percentage of total XP
 D = Non-vault monster count
 E = Vault monster count
 F = Vault count percentage of total count
                 A         B        C        D         E       F
            +---------+---------+-------+---------+---------+-------
      Total |     463 |     144 |  23.7 |      53 |      11 |  17.2
            +---------+---------+-------+---------+---------+-------
        D:1 |      29 |       3 |   9.4 |      17 |       2 |  10.5
        D:2 |     136 |      50 |  26.9 |      18 |       8 |  30.8
        D:3 |     196 |       0 |   0.0 |       9 |       0 |   0.0
        D:4 |     102 |      91 |  47.2 |       9 |       1 |  10.0
            +---------+---------+-------+---------+---------+-------
